[Event "Early-Titled-Tuesday-Blitz-April-02-2024"]
[Site "Chess.com"]
[Date "2024.04.02"]
[Round "6"]
[White "IshviAggarwal"]
[Black "MathiasWomacka"]
[Result "0-1"]
[WhiteElo "2152"]
[BlackElo "2472"]
[TimeControl "180+1"]
[EndTime "9:06:40 PDT"]
[Termination "MathiasWomacka won by resignation"]

1. d4 Nf6 2. Bf4 c5 3. c3 e6 4. e3 d5 5. Nd2 Bd6 6. Bxd6 Qxd6 7. f4 cxd4 8. cxd4 O-O 9. Bd3 b6 10. Ngf3 Ba6 11. Bxa6 Nxa6 12. O-O Nb4 13. Ne5 Rfc8 14.
Qf3 Rc2 15. a3 Rxd2 16. axb4 Rxb2 17. f5 Qxb4 18. fxe6 fxe6 19. Qh3 Qe7 20. g4 a5 21.
g5 Ne4 22. Rf7 Qxg5+ 23. Kh1 Nf2+ 24. Rxf2 Rxf2 25. Qxe6+ Kh8 26. Qxd5 Qd8 27. Nf7+ Rxf7 28. Qxf7 Qe8 29. Qb7 Rb8 30. Qf3 a4 31. Qf4 b5 32. d5 Rd8 33. d6 Qe6 34. Rd1 h6 35. e4 a3 36. Qg3 Qxe4+ 37. Kg1 a2 38. Re1 Qd4+ 39. Kh1 a1=Q 0-1

[Event "Early-Titled-Tuesday-Blitz-April-02-2024"]
[Site "Chess.com"]
[Date "2024.04.02"]
[Round "6"]
[White "Shiner22"]
[Black "Blackwhite017"]
[Result "1-0"]
[WhiteElo "2316"]
[BlackElo "2084"]
[TimeControl "180+1"]
[EndTime "9:06:41 PDT"]
[Termination "Shiner22 won on time"]

1. e4 c5 2. d4 cxd4 3. c3 Nf6 4. e5 Nd5 5. Nf3 Nc6 6. Bc4 Nb6 7. Bb3 d6 8. exd6 Qxd6 9. O-O Be6 10. Bxe6 Qxe6 11. Nxd4 Nxd4 12. cxd4 Qd7 13. Nc3 Rd8 14.
Qf3 e6 15. Re1 Nd5 16. Bg5 Be7 17. Bxe7 Nxe7 18. Rad1 Nd5 19. Ne4 O-O 20. h4 Qb5 21.
b3 Ne7 22. Nc5 b6 23. Ne4 Nf5 24. Ng5 Nxd4 25. Qe4 f5 26. Qe3 h6 27. Rxd4 hxg5 28. Qxe6+ Kh8 29. Rxd8 Rxd8 30. hxg5 Qd3 31. g6 f4 32. Qe8+ 1-0

[Event "Early-Titled-Tuesday-Blitz-April-02-2024"]
[Site "Chess.com"]
[Date "2024.04.02"]
[Round "6"]
[White "jk13"]
[Black "sergoy"]
[Result "1/2-1/2"]
[WhiteElo "2713"]
[BlackElo "2887"]
[TimeControl "180+1"]
[EndTime "9:06:42 PDT"]
[Termination "Game drawn by repetition"]

1. e4 c5 2. c3 Nf6 3. e5 Nd5 4.
Bc4 e6 5. Nf3 d6 6. d4 cxd4 7.
cxd4 Nc6 8. Qe2 Be7 9. O-O O-O 10. a3 Bd7 11. Rd1 Qc7 12. Bd3 Rac8 13. Bd2 Qb6 14.
Bc3 dxe5 15. dxe5 Rfd8 16. Qe4 g6 17. Qe2 Be8 18. Be4 Nf4 19. Qf1 Bc5 20. Nbd2 Nd4 21. Nxd4 Bxd4 22. Nc4 Bxf2+ 23. Kh1 Rxd1 24. Rxd1 Qb3 25.
Nd6 Rd8 26. Rc1 Qb6 27. Nc4 Bb5 28. Nxb6 Bxf1 29. Rxf1 axb6 30. g3 Nh3 31. Kg2 Ng5 32.
Bxb7 Bc5 33. h4 Rd7 34. Bc6 Rc7 35. Ba8 Ra7 36. Bc6 Rc7 37. Ba8 Ra7 38. Bc6 Rc7 1/2-1/2

[Event "Early-Titled-Tuesday-Blitz-April-02-2024"]
[Site "Chess.com"]
[Date "2024.04.02"]
[Round "6"]
[White "Donskov_AN"]
[Black "Joachim100x"]
[Result "0-1"]
[WhiteElo "2371"]
[BlackElo "2546"]
[TimeControl "180+1"]
[EndTime "9:06:42 PDT"]
[Termination "Joachim100x won by resignation"]

1. e4 c5 2. Nf3 e6 3. d4 cxd4 4.
Nxd4 Bc5 5. Nb3 Bb6 6. c4 Ne7 7. Nc3 O-O 8. Be2 Nbc6 9. O-O f5 10. c5 Bc7 11. Nb5 Bb8 12. Nd6 fxe4 13. Be3 Nf5 14. Bf4 b6 15. Rc1 b5 16. Bxb5 Nxd6 17. Bxd6 Bxd6 18.
Qxd6 Bb7 19. Nd4 Nxd4 20. Qxd4 Bd5 21. Bc4 Bc6 22. b4 Rb8 23. a3 Qg5 24. Qe3 Qg6 25. Rcd1 Rf3 26. Qe2 e3 27. fxe3 Rxe3 28. Qf2 Re5 29.
b5 Bxg2 30. Bd3 Be4+ 31. Qg3 Rg5 32. Bxe4 Rxg3+ 33. hxg3 Qxe4 34. Rxd7 Qe3+ 35. Kg2 Qxc5 36. Rff7 Qg5 37. Rxa7 Rxb5 38. Rf2 h5 39. Raf7 Rb3 40. R7f3 Qd5 41. a4 g5 42. g4 hxg4 43. Kh2 0-1

[Event "Early-Titled-Tuesday-Blitz-April-02-2024"]
[Site "Chess.com"]
[Date "2024.04.02"]
[Round "6"]
[White "kleber2007"]
[Black "gorgeous1083"]
[Result "1/2-1/2"]
[WhiteElo "2462"]
[BlackElo "2224"]
[TimeControl "180+1"]
[EndTime "9:06:42 PDT"]
[Termination "Game drawn - insufficient material"]

1. Nf3 d5 2. g3 Nf6 3. Bg2 e6 4. O-O Be7 5. c4 c6 6. d4 O-O 7.
Qc2 Nbd7 8. b3 b6 9. Rd1 Bb7 10.
Nc3 Rc8 11. e4 dxe4 12. Nxe4 c5 13. Nxf6+ Bxf6 14. Ng5 Bxg5 15. Bxb7 Rc7 16. dxc5 bxc5 17. Be4 g6 18. Bb2 Qe7 19. Rd3 Bf6 20. Rad1 Ne5 21.
R3d2 Rcc8 22. h3 Rfd8 23. f4 Rxd2 24. Qxd2 Nc6 25. Bxf6 Qxf6 26. Bxc6 Rxc6 27. Qd8+ Kg7 28. Qxf6+ Kxf6 29. Kf2 Ra6 30. Rd2 e5 31. fxe5+ Kxe5 32. Rd5+ Ke6 33. Rxc5 Rxa2+ 34. Ke3 f5 35. h4 Ra3 36.
Rb5 a5 37. Kf4 a4 38. Rb6+ Kf7 39. bxa4 Rxa4 40. Rc6 h6 41. h5 gxh5 42. Kxf5 Ra5+ 43. c5 Ra3 44. Rc7+ Ke8 45. Kg6 Rxg3+ 46. Kxh5 Kd8 47. Rc6 Kd7 48. Rd6+ Kc7 49. Rd5 Kc6 50. Rf5 Rg5+ 51.
Rxg5 hxg5 52. Kxg5 Kxc5 1/2-1/2

[Event "Early-Titled-Tuesday-Blitz-April-02-2024"]
[Site "Chess.com"]
[Date "2024.04.02"]
[Round "6"]
[White "PavelChernomordik"]
[Black "MrChessSponge"]
[Result "1-0"]
[WhiteElo "2440"]
[BlackElo "2551"]
[TimeControl "180+1"]
[EndTime "9:06:43 PDT"]
[Termination "PavelChernomordik won by checkmate"]

1. e4 c6 2. Nc3 d5 3. Nf3 Bg4 4. h3 Bxf3 5. Qxf3 e6 6. Qg3 Nd7 7. d3 g6 8. Bf4 Ngf6 9. Be2 d4 10. Nd1 e5 11. Bd2 Bg7 12. O-O O-O 13. f4 exf4 14. Bxf4 Re8 15. Nf2 Qa5 16. Bd6 Nh5 17. Qh2 Bf8 18.
Ng4 Qg5 19. Bxf8 Nxf8 20. Qc7 Re7 21. Nh6+ Kg7 22. Rxf7+ Rxf7 23. Nxf7 Qe3+ 24. Kh1 Qf4 25. Nd6+ Kg8 26. Bxh5 Ne6 27. Qxb7 Rf8 28. Nf5 gxf5 29.
Qe7 Ng7 30. Bf3 fxe4 31. Bxe4 Qg3 32. Qd7 Nh5 33. Qxh7# 1-0

[Event "Early-Titled-Tuesday-Blitz-April-02-2024"]
[Site "Chess.com"]
[Date "2024.04.02"]
[Round "6"]
[White "diamonds13"]
[Black "Brahianzevich"]
[Result "0-1"]
[WhiteElo "2363"]
[BlackElo "2536"]
[TimeControl "180+1"]
[EndTime "9:06:44 PDT"]
[Termination "Brahianzevich won by resignation"]

1. d4 d5 2. c4 e6 3. cxd5 exd5 4. Nc3 Bb4 5. Nf3 Nf6 6. Bg5 h6 7. Bxf6 Qxf6 8. e3 O-O 9. Bd3 c5 10. O-O Bxc3 11. bxc3 c4 12. Bc2 Bg4 13. h3 Bxf3 14.
Qxf3 Qxf3 15. gxf3 Nc6 16. Rab1 Rab8 17. e4 dxe4 18.
fxe4 b5 19. f4 b4 20. d5 b3 21. axb3 cxb3 22. Rxb3 Na5 23. Ra3 Nc4 24. Rxa7 Rb2 25. Bd3 Ne3 26. Rb1 Rd2 27. Bf1 Rc8 28. c4 Nxf1 29.
Rxf1 Rxc4 30. Rf2 Rd1+ 31. Kg2 Rxe4 32. Rd7 Red4 33. Rd8+ Kh7 34. Rd7 Kg6 35. f5+ Kf6 36. Rb2 R1d2+ 37. Rxd2 Rxd2+ 38. Kf3 Rd3+ 39. Ke4 Rxh3 40. Rd6+ Ke7 41. Ra6 Rh4+ 42. Kd3 Rf4 43. Ke3 Rxf5 44. Kd4 Rf1 45. Ra7+ Kf6 46. Kc5 Rc1+ 47.
Kd6 h5 48. Ra2 g5 49. Rf2+ Kg6 50. Ke5 Re1+ 51. Kd6 g4 52. Kc6 Rc1+ 53. Kd7 h4 54. d6 g3 55. Rd2 f5 56. Ke7 Re1+ 57. Kf8 Ra1 58. d7 Ra8+ 59. Ke7 h3 60. Rd3 f4 61.
Rd6+ Kg5 62. Ra6 Rg8 63. Kf7 Rd8 64. Rg6+ Kf5 65. Rf6+ Ke4 66. Re6+ Kf3 67. Rd6 h2 0-1

[Event "Early-Titled-Tuesday-Blitz-April-02-2024"]
[Site "Chess.com"]
[Date "2024.04.02"]
[Round "6"]
[White "carloseduar100"]
[Black "schachlana"]
[Result "1-0"]
[WhiteElo "2204"]
[BlackElo "2330"]
[TimeControl "180+1"]
[EndTime "9:06:45 PDT"]
[Termination "carloseduar100 won by resignation"]

1. g3 Nf6 2. Bg2 g6 3. Nf3 Bg7 4. O-O O-O 5. d4 d6 6. c3 c5 7. Nbd2 Nbd7 8. Re1 e5 9. dxe5 dxe5 10. e4 Re8 11.
Nc4 Qc7 12. Qd6 Qxd6 13. Nxd6 Re6 14. Rd1 b6 15. Bh3 Re7 16. Nxc8 Rxc8 17. Bg5 Rce8 18. Bxd7 Rxd7 19. Bxf6 Rxd1+ 20. Rxd1 Bxf6 21. Rd7 Ra8 22. Kf1 Kf8 23. Ke2 b5 24. Rb7 a6 25.
Rc7 c4 26. Ne1 Bd8 27. Rc6 Ke7 28. Nc2 a5 29. Rc5 Ke6 30. Rxb5 a4 31. Ne3 a3 32.
Nxc4 axb2 33. Rxb2 Rc8 34. Rb4 f5 35. f3 Rc5 36.
Kd3 h5 37. a4 h4 38. Rb5 fxe4+ 39. fxe4 Rxb5 40. axb5 hxg3 41. hxg3 Bc7 42. Ne3 Bb6 43. Nd5 Bc5 44. Kc4 Bf2 45. b6 Kd6 46. Kb5 Kd7 47. g4 Bg1 48. c4 Kd6 49. b7 Ba7 50. c5+ Kd7 51. c6+ 1-0

[Event "Early-Titled-Tuesday-Blitz-April-02-2024"]
[Site "Chess.com"]
[Date "2024.04.02"]
[Round "6"]
[White "Ariadna_Atreides"]
[Black "UK_23"]
[Result "0-1"]
[WhiteElo "2200"]
[BlackElo "2383"]
[TimeControl "180+1"]
[EndTime "9:06:46 PDT"]
[Termination "UK_23 won on time"]

1. d4 d5 2. Nf3 Nf6 3. e3 g6 4. h3 Bg7 5. Bd3 b6 6. Qe2 O-O 7. Nbd2 a5 8. O-O Ba6 9. Bxa6 Nxa6 10. Ne5 c5 11. c3 Nd7 12. f4 Nxe5 13. fxe5 f6 14.
exf6 exf6 15. e4 cxd4 16. cxd4 dxe4 17. Qxe4 f5 18. Qe6+ Kh8 19. d5 Re8 20. Qc6 Nb4 21.
Qb5 Qxd5 22. Qxd5 Nxd5 23. Nc4 Re2 24. Rb1 b5 25. Nd6 b4 26. Nf7+ Kg8 27. Nh6+ Kf8 28.
g4 Ne3 29. Bxe3 Rxe3 30. gxf5 Bxh6 31. fxg6+ Kg7 32. gxh7 Kxh7 33. Rf7+ Kg6 34. Rbf1 Rg8 35. Kh2 Re2+ 36. Kh1 Bg5 37. Ra7 Re5 38. Ra6+ Kh5 39. Kh2 Rc8 40. Rf2 Be3 41. Re2 Bf4+ 0-1

[Event "Early-Titled-Tuesday-Blitz-April-02-2024"]
[Site "Chess.com"]
[Date "2024.04.02"]
[Round "6"]
[White "newauto"]
[Black "IsaqueGoncalvesSanto"]
[Result "0-1"]
[WhiteElo "2186"]
[BlackElo "1918"]
[TimeControl "180+1"]
[EndTime "9:06:46 PDT"]
[Termination "IsaqueGoncalvesSanto won on time"]

1. d4 d5 2. Nf3 Nf6 3. Bg5 Ne4 4. Bh4 c5 5. c3 Qb6 6. Qc1 Bf5 7. e3 Nd7 8. Nbd2 Ndf6 9. Be2 e6 10. O-O Bd6 11.
dxc5 Nxc5 12. Nd4 Bg6 13. Bb5+ Ncd7 14. a4 a6 15. a5 Qc7 16. Ba4 Bxh2+ 17. Kh1 Bd6 18.
c4 Bd3 19. Re1 dxc4 20. e4 O-O 21. Qc3 Be5 22. N2f3 Bxe4 23. Nxe5 Nxe5 24. Bxf6 gxf6 25.
Rxe4 Ng6 26. g3 f5 27. Ree1 e5 28. Nxf5 Rad8 29. b3 Qc8 30. g4 h5 31. f3 cxb3 32.
Qxb3 Rd4 33. Rg1 hxg4 34. fxg4 Qc4 35. Qxc4 Rxc4 0-1

[Event "Early-Titled-Tuesday-Blitz-April-02-2024"]
[Site "Chess.com"]
[Date "2024.04.02"]
[Round "6"]
[White "KarolKacprzak"]
[Black "jcibarra"]
[Result "0-1"]
[WhiteElo "2737"]
[BlackElo "2970"]
[TimeControl "180+1"]
[EndTime "9:06:47 PDT"]
[Termination "jcibarra won on time"]

1. e4 c5 2. Nf3 e6 3. d4 cxd4 4.
Nxd4 Bc5 5. Nb3 Bb6 6. Nc3 Ne7 7. Bd3 O-O 8. O-O f5 9. Kh1 f4 10. a4 Nbc6 11. Bd2 Ng6 12. Qh5 Nce5 13. a5 Bc7 14. Nb5 Bb8 15. Be2 a6 16. N5d4 d6 17. Rad1 Ba7 18.
Bc3 Qe7 19. Nf3 Nxf3 20. Bxf3 e5 21. Bg4 f3 22. g3 Bxg4 23. Qxg4 Rac8 24. Rd3 Rc6 25.
Rxf3 Rfc8 26. Rd1 Nf8 27. Kg2 Nd7 28. Rfd3 Nf6 29. Qe2 Qe6 30. f3 h6 31. R1d2 Nh7 32. h4 Nf6 33. Bb4 Bb8 34. Nc1 Nh5 35. Qd1 Qg6 36. Ne2 Nf4+ 37. Nxf4 exf4 38. g4 Qf6 39. c3 Qxh4 40. Qh1 Qf6 41. Qh5 Bc7 42. Qd5+ Kh8 43.
Qf5 Rf8 44. Qxf6 Rxf6 45. Rd5 Kg8 46. Kf1 Kf7 47. Ke2 Re6 48. Kd3 Re5 49. Kc2 Ke6 50.
Rxe5+ dxe5 51. Re2 Bb8 52. Kb3 Rc8 0-1

[Event "Early-Titled-Tuesday-Blitz-April-02-2024"]
[Site "Chess.com"]
[Date "2024.04.02"]
[Round "6"]
[White "masnyszachistaaa"]
[Black "smotherhubbard"]
[Result "0-1"]
[WhiteElo "2566"]
[BlackElo "2359"]
[TimeControl "180+1"]
[EndTime "9:06:47 PDT"]
[Termination "smotherhubbard won on time"]

1. Nf3 Nf6 2. b3 c5 3. Bb2 Nc6 4.
c4 g6 5. d4 cxd4 6. Nxd4 Nxd4 7.
Bxd4 Bg7 8. g3 O-O 9. Bg2 d6 10. O-O Qc7 11. Nc3 Bg4 12. Bxf6 exf6 13. Nb5 Qe7 14. Qxd6 Qxe2 15. Rfe1 Qb2 16. Bxb7 Rad8 17. Qf4 f5 18. Bd5 a6 19. Nc7 Qa3 20. Rab1 Qxa2 21. b4 Bc3 22. Rf1 Be2 23. Qc1 Bd2 24. Rb2 Bxc1 25.
Rxa2 Bxf1 26. Kxf1 Rd6 27. Nxa6 f4 28. gxf4 Bxf4 29. b5 Bxh2 30. Re2 Bf4 31. Re7 h5 32. Kg2 g5 33. Nc5 g4 34. Ne4 Rg6 35. c5 h4 36.
b6 h3+ 37. Kh1 Kh8 38. Ng3 Rd8 0-1

[Event "Early-Titled-Tuesday-Blitz-April-02-2024"]
[Site "Chess.com"]
[Date "2024.04.02"]
[Round "6"]
[White "Yaacovn"]
[Black "Polish_fighter3000"]
[Result "0-1"]
[WhiteElo "2853"]
[BlackElo "3142"]
[TimeControl "180+1"]
[EndTime "9:06:48 PDT"]
[Termination "Polish_fighter3000 won on time"]

1. d4 Nf6 2. e3 b6 3. f4 e6 4.
Nf3 c5 5. Bd3 Ba6 6. Bxa6 Nxa6 7. O-O Be7 8. c3 Nc7 9. Qe2 d5 10. b3 O-O 11. Bb2 cxd4 12. Nxd4 Bc5 13. c4 dxc4 14.
Qxc4 Ncd5 15. Qe2 Qd7 16. Nd2 Ng4 17. Nc4 Ndxe3 18. Nxe3 Bxd4 19. Rad1 Bxe3+ 20. Kh1 Qxd1 21. Qxd1 Nf2+ 22. Rxf2 Bxf2 23. Qg4 g6 24. Bf6 Rfc8 25. h4 Rc1+ 26. Kh2 Bg1+ 27. Kh3 Bc5 28. h5 Rh1+ 29.
Kg3 Rxh5 30. Qf3 Rd5 31. Bb2 Rad8 32. Kh2 Rh5+ 33. Kg3 Rf5 34. Kh3 h5 35. g3 a5 36.
Qc3 Bd4 37. Qc7 Rfd5 38. Bxd4 Rxd4 39. Qxb6 R8d5 40. a3 Kg7 41. b4 axb4 42. axb4 Rd3 43. Qa5 Rxa5 0-1

[Event "Early-Titled-Tuesday-Blitz-April-02-2024"]
[Site "Chess.com"]
[Date "2024.04.02"]
[Round "6"]
[White "lamomiajunior"]
[Black "Let_it_be_1"]
[Result "1/2-1/2"]
[WhiteElo "2692"]
[BlackElo "2555"]
[TimeControl "180+1"]
[EndTime "9:06:48 PDT"]
[Termination "Game drawn by repetition"]

1. d4 d5 2. Nc3 e6 3. Bf4 Bd6 4. e3 Bxf4 5. exf4 Ne7 6. Nf3 b6 7. Bd3 Ba6 8. Bxa6 Nxa6 9. O-O Nb8 10. Re1 O-O 11. Ne5 c5 12. Ne2 Nbc6 13. c3 Qd6 14. g3 cxd4 15. cxd4 Rac8 16. a3 Na5 17. Nc3 a6 18. Qe2 Nc4 19. h4 b5 20. h5 h6 21.
Rad1 Nxa3 22. g4 Rfe8 23. g5 Nf5 24. gxh6 gxh6 25. Kh1 Kf8 26. Rg1 Nc4 27. Qg4 Ke7 28.
Rde1 Nxe5 29. Rxe5 Rg8 30. Qxf5 Rxg1+ 31. Kxg1 Rg8+ 32. Kh2 Kf8 33. Qf6 Qb4 34. Nxd5 Qxb2 35. Qxh6+ Rg7 36. Qh8+ Rg8 37. Qh6+ Rg7 38. Rg5 Qxf2+ 39.
Kh3 Qf3+ 40. Kh4 Qf2+ 41. Kg4 Qg2+ 42. Kh4 Qh2+ 43. Kg4 Qg2+ 44. Kh4 Qh2+ 45. Kg4 Qg2+ 1/2-1/2

[Event "Early-Titled-Tuesday-Blitz-April-02-2024"]
[Site "Chess.com"]
[Date "2024.04.02"]
[Round "6"]
[White "Firouzja2003"]
[Black "AlexeiShirov"]
[Result "0-1"]
[WhiteElo "3091"]
[BlackElo "2825"]
[TimeControl "180+1"]
[EndTime "9:06:49 PDT"]
[Termination "AlexeiShirov won on time"]

1. Nf3 d5 2. g3 Nf6 3. Bg2 Bg4 4. c4 c6 5. d4 e6 6. Qb3 Qb6 7. c5 Qxb3 8. axb3 Nbd7 9. b4 a6 10. Nbd2 Be7 11. Nb3 O-O 12. Na5 Ra7 13. h3 Bf5 14.
g4 Be4 15. Bf4 Rc8 16. O-O Ne8 17. Rfc1 Nc7 18. Nb3 Nb5 19. e3 Bf6 20. Nbd2 Bd3 21. g5 Bd8 22. Ne1 Bg6 23. Bf1 Rca8 24. Nef3 f6 25. h4 Kf7 26. Nb3 Bh5 27. Be2 g6 28.
Kf1 e5 29. dxe5 Bxf3 30. e6+ Kxe6 31. Bxf3 Bc7 32. Bg4+ Ke7 33. Re1 f5 34. Be2 Bxf4 35. exf4 Kf7 36. Ra5 Nc7 37. Nd4 Re8 38. Bd3 Rxe1+ 39. Kxe1 Nf8 40. Ke2 Nfe6 41. Ke3 Nxd4 42.
Kxd4 Ra8 43. Ke3 Re8+ 44. Kd2 Ne6 45. Bf1 Nxf4 46. Ra4 Re4 47. f3 Rd4+ 48. Ke3 Ne6 49. h5 gxh5 50. Bd3 Kg6 0-1

[Event "Early-Titled-Tuesday-Blitz-April-02-2024"]
[Site "Chess.com"]
[Date "2024.04.02"]
[Round "6"]
[White "Tonychess32"]
[Black "djano"]
[Result "1-0"]
[WhiteElo "2553"]
[BlackElo "2657"]
[TimeControl "180+1"]
[EndTime "9:06:50 PDT"]
[Termination "Tonychess32 won by checkmate"]

1. d4 Nf6 2. Bf4 c5 3. c3 Qb6 4.
Bc1 g6 5. Nf3 Bg7 6. Na3 d5 7.
e3 O-O 8. Be2 Nc6 9. O-O Bf5 10.
Nc2 Rfe8 11. Nh4 Bd7 12. Nf3 Ne4 13. Nce1 e5 14. dxe5 Nxe5 15. Qxd5 Ng4 16. Qb3 Qc7 17. h3 Nh6 18. Nd2 Ng5 19. Nef3 Nxh3+ 20. gxh3 Bxh3 21. Re1 Ng4 22. Bf1 Bxf1 23. Nxf1 Qc6 24. e4 Rxe4 25. Rxe4 Qxe4 26. Qd1 Bf6 27. Ng3 Qc6 28.
Bg5 Rd8 29. Qe2 Re8 30. Qd3 c4 31. Qd1 Rd8 32. Qe2 Re8 33. Qd1 h6 34. Bxf6 Qxf6 35.
Kg2 Rd8 36. Qe2 Rd3 37. Nd4 h5 38. Re1 Kh7 39. Ne4 Qh4 40. Nf3 Qd8 41. Neg5+ Kg7 42.
Qe7 Qd6 43. Qxf7+ Kh6 44. Qh7# 1-0

[Event "Early-Titled-Tuesday-Blitz-April-02-2024"]
[Site "Chess.com"]
[Date "2024.04.02"]
[Round "6"]
[White "Boxerandchessplayer"]
[Black "dianamirza"]
[Result "1-0"]
[WhiteElo "2206"]
[BlackElo "1967"]
[TimeControl "180+1"]
[EndTime "9:06:50 PDT"]
[Termination "Boxerandchessplayer won by checkmate"]

1. d4 Nf6 2. c4 c5 3. d5 b5 4. cxb5 a6 5. Nc3 g6 6. e4 d6 7.
h3 Bg7 8. Nf3 O-O 9. Qc2 Nbd7 10.
a4 axb5 11. Bxb5 Ba6 12. O-O Bxb5 13. Nxb5 Nb6 14. Nc3 Qc7 15. b3 Nfd7 16. Bb2 c4 17. Nb5 Qc5 18. Bxg7 Kxg7 19. Qc3+ Kg8 20. b4 Qc8 21. a5 Qa6 22. Nc7 Qb7 23. Nxa8 Nxa8 24. Qxc4 Rc8 25. Qd3 Nc7 26. Nd4 Ne5 27. Qb3 Rb8 28.
Rfb1 Na6 29. b5 Nc5 30. Qc2 Ned3 31. Nc6 Rc8 32. b6 Ne5 33. Nxe5 dxe5 34. Qe2 Na6 35. Rc1 Rd8 36. Qb5 Kg7 37. Rab1 f5 38. f3 fxe4 39. fxe4 Rd6 40. Rc6 Rd8 41. Qb2 Rf8 42. Qxe5+ Kg8 43.
Rf1 Rxf1+ 44. Kxf1 Nb4 45. Qe6+ Kf8 46. Rc8+ Kg7 47.
Rg8+ Kh6 48. Qg4 Qa6+ 49. Kg1 g5 50. Qxg5# 1-0

[Event "Early-Titled-Tuesday-Blitz-April-02-2024"]
[Site "Chess.com"]
[Date "2024.04.02"]
[Round "6"]
[White "Road2GM3000"]
[Black "albi1999"]
[Result "1-0"]
[WhiteElo "2456"]
[BlackElo "2602"]
[TimeControl "180+1"]
[EndTime "9:06:51 PDT"]
[Termination "Road2GM3000 won by resignation"]

1. d4 Nf6 2. c4 e6 3. Nc3 c5 4. d5 exd5 5. cxd5 d6 6. e4 g6 7. f4 Bg7 8. Bb5+ Nfd7 9. a4 O-O 10.
Nf3 a6 11. Bc4 Re8 12. O-O Qc7 13. Kh1 Nb6 14. Bd3 c4 15. Bc2 Bg4 16. f5 N6d7 17.
Bf4 Ne5 18. Bxe5 Bxe5 19. h3 Bxf3 20. Qxf3 Qe7 21. a5 Nd7 22. Ba4 Red8 23. Bxd7 Qxd7 24. f6 Qe8 25. Qe3 Rac8 26. Na4 Qf8 27. Nb6 Rc5 28. Qe2 c3 29. bxc3 Bxc3 30. Na4 Bxa1 31.
Nxc5 Be5 32. Nxb7 Rd7 33. Qxa6 Qc8 34. Nc5 Qxa6 35. Nxa6 Ra7 36. Rc1 Bxf6 37. Rc6 Bd8 38. Rxd6 Bxa5 39. Nc5 Bb4 40. Rd8+ Kg7 41. Nd3 Bc3 42.
Kh2 Ra1 43. Kg3 Rd1 44. Nc5 Be5+ 45. Kf3 h5 46. Nb7 Bf6 47. Rd7 Bg5 48. Nd6 Rd3+ 49. Kf2 Rd2+ 50. Kg1 Be3+ 51. Kh2 Bf4+ 52. Kg1 Be3+ 53.
Kf1 Rf2+ 54. Ke1 g5 55. Nf5+ 1-0

[Event "Early-Titled-Tuesday-Blitz-April-02-2024"]
[Site "Chess.com"]
[Date "2024.04.02"]
[Round "6"]
[White "LiamPutnam2008"]
[Black "CSB7"]
[Result "1/2-1/2"]
[WhiteElo "2922"]
[BlackElo "2781"]
[TimeControl "180+1"]
[EndTime "9:06:53 PDT"]
[Termination "Game drawn - insufficient material"]

1. Nf3 Nf6 2. g3 g6 3. Bg2 Bg7 4. O-O O-O 5. b3 b6 6. Bb2 Bb7 7. c4 c5 8. Nc3 d5 9. cxd5 Nxd5 10. Rc1 Nc6 11. Qc2 Rc8 12. Nxd5 Qxd5 13. Ne5 Qxg2+ 14. Kxg2 Nd4+ 15. f3 Nxc2 16. Rxc2 Rfd8 17. Rfc1 Bh6 18. e3 f6 19. Ng4 Bg7 20. Nf2 e5 21. d4 exd4 22.
exd4 cxd4 23. Rxc8 Rxc8 24. Rxc8+ Bxc8 25. Bxd4 Kf7 26. Ne4 Ke6 27. Kf2 h6 28. Ke3 Bb7 29. Nc3 Bc6 30.
Ne2 Bf8 31. Nf4+ Kf7 32. Nd3 g5 33. f4 Ke6 34. Bc3 Kf5 35. h3 h5 36. fxg5 fxg5 37. Nf2 Bc5+ 38. Bd4 Bd6 39. g4+ hxg4 40. hxg4+ Ke6 41. Nh3 Be7 42. Bg7 Kf7 43. Be5 Bd7 44.
Kf3 a6 45. Bd4 b5 46. Be3 Kg6 47. Nf2 Bc6+ 48. Ne4 a5 49. Bd2 a4 50. Ke3 axb3 51. axb3 Bd5 52. b4 Be6 53. Nf2 Kf7 54. Ke4 Bf6 55. Be3 Ke7 56. Bc5+ Kf7 57. Kf3 Bd5+ 58. Ne4 Be5 59. Ke3 Bf4+ 60. Kd4 Be6 61. Bd6 Bxg4 62.
Bxf4 gxf4 63. Nd6+ Ke6 64. Nxb5 f3 65. Ke3 Kd5 66.
Na3 Kc6 67. Kf2 Kb6 68. Ke3 Bh5 69. Kf2 Kc6 70. Kg3 Kb6 71. Nc4+ Kb5 72. Nd2 Kxb4 73. Nxf3 1/2-1/2

[Event "Early-Titled-Tuesday-Blitz-April-02-2024"]
[Site "Chess.com"]
[Date "2024.04.02"]
[Round "6"]
[White "superchess02"]
[Black "davidkalashian"]
[Result "1-0"]
[WhiteElo "2859"]
[BlackElo "2670"]
[TimeControl "180+1"]
[EndTime "9:06:53 PDT"]
[Termination "superchess02 won on time"]

1. d4 Nf6 2. c4 g6 3. Nc3 Bg7 4. e4 d6 5. Nf3 Bg4 6. Be2 Nfd7 7. Be3 c5 8. d5 Bxc3+ 9. bxc3 Nf6 10. Nd2 Bxe2 11.
Qxe2 Nbd7 12. f4 Qa5 13. Qd3 Nb6 14. a4 Nbd7 15. h3 Qc7 16. g4 h5 17. g5 Nh7 18.
h4 O-O 19. O-O a6 20. Kg2 Rab8 21. e5 dxe5 22. f5 e4 23. Nxe4 Ne5 24. Qe2 b5 25.
Bf4 Rfd8 26. Ng3 f6 27. fxg6 Nf8 28. Qxh5 bxc4 29. g7 Nfg6 30. Qxg6 Rb2+ 31. Kg1 Qd7 32. Qf5 Qxd5 33. Qe4 Qd7 34. Bxe5 Qh3 35. Qh1 Qg4 36.
gxf6 exf6 37. Rxf6 1-0

[Event "Early-Titled-Tuesday-Blitz-April-02-2024"]
[Site "Chess.com"]
[Date "2024.04.02"]
[Round "6"]
[White "OriTaichman"]
[Black "Egor_Koshulyan"]
[Result "0-1"]
[WhiteElo "2563"]
[BlackElo "2743"]
[TimeControl "180+1"]
[EndTime "9:06:53 PDT"]
[Termination "Egor_Koshulyan won by checkmate"]

1. e4 c5 2. Nf3 Nc6 3. Bb5 g5 4. Nxg5 Nf6 5. d3 Rg8 6. O-O Nd4 7. Bc4 d5 8. exd5 h6 9. c3 Nf5 10. Ne4 Nxd5 11. Nxc5 a6 12. Qf3 e6 13. Bxd5 Bxc5 14. Bxb7 Bxb7 15. Qxb7 Rc8 16. d4 Bd6 17. Nd2 Rc7 18. Qe4 Nh4 19. g3 h5 20. Kh1 Nf5 21.
Nf3 Rg4 22. Qe2 Qa8 23. Kg1 h4 24. Bd2 hxg3 25. fxg3 Nxg3 26. hxg3 Bxg3 27. Qg2 f5 28. Qh3 Rcg7 29. Kh1 Rg8 30. Bh6 Bd6 31. Rae1 Kd7 32. d5 Qxd5 33. Rd1 Qe4 34. Rxd6+ Kxd6 35. Rd1+ Kc7 36. Bf4+ Qxf4 37. Qh7+ R8g7 38. Qxg7+ Rxg7 39. Nd4 Qh6# 0-1

[Event "Early-Titled-Tuesday-Blitz-April-02-2024"]
[Site "Chess.com"]
[Date "2024.04.02"]
[Round "6"]
[White "vladgoncharov"]
[Black "AsaHoffmann"]
[Result "1-0"]
[WhiteElo "2575"]
[BlackElo "2396"]
[TimeControl "180+1"]
[EndTime "9:06:53 PDT"]
[Termination "vladgoncharov won on time"]

1. d4 Nf6 2. c4 c5 3. d5 e5 4. Nc3 d6 5. e4 Be7 6. Be2 Nbd7 7. Be3 Nf8 8. g3 h6 9. h4 a6 10. a3 Rb8 11. Rb1 Ng6 12. b4 cxb4 13. axb4 b6 14.
f3 Bd7 15. Kf2 Nh5 16. c5 Nxg3 17. Kxg3 Bxh4+ 18. Kg2 Bg5 19. Qd2 Bxe3 20. Qxe3 Nf4+ 21. Kf1 Qg5 22. Rh2 bxc5 23. bxc5 Rxb1+ 24. Nxb1 dxc5 25. Qxc5 h5 26. Qd6 Rh6 27. Qb8+ Ke7 28. Nc3 Rg6 29. Qa7 h4 30. Qc5+ Ke8 31. Qa7 h3 32. Bxa6 Rd6 33. Nb5 Rxa6 34. Qxa6 Qg3 35. Qa8+ Ke7 36. Qa3+ Kf6 37.
Qd6+ Be6 38. dxe6 Qxh2 39. e7+ Kg5 40. Qxe5+ Kh4 41. Qxf4+ Qxf4 42. e8=Q Qc1+ 43. Ke2 1-0

[Event "Early-Titled-Tuesday-Blitz-April-02-2024"]
[Site "Chess.com"]
[Date "2024.04.02"]
[Round "6"]
[White "Balla_Tamas"]
[Black "enriquebutti"]
[Result "1-0"]
[WhiteElo "2468"]
[BlackElo "2206"]
[TimeControl "180+1"]
[EndTime "9:06:53 PDT"]
[Termination "Balla_Tamas won on time"]

1. Nf3 d5 2. b3 c5 3. Bb2 Nf6 4. e3 a6 5. c4 e6 6. cxd5 exd5 7. d4 Nc6 8. Be2 Bd6 9. dxc5 Bxc5 10. O-O O-O 11. Nc3 Re8 12. Na4 Bd6 13. Rc1 Ne4 14. Qc2 Bg4 15. h3 Bf5 16. Rfd1 Re6 17. Nd4 Nxd4 18.
Rxd4 Rg6 19. Bf3 Bxh3 20. Rxd5 Ng5 21. Bh5 Rh6 22. Qc3 f6 23. Qc4 Be6 24. Bg4 Bh2+ 25.
Kf1 Bxd5 26. Qc5 Nf7 27. Nb6 Bd6 28. Qd4 Be5 29. Qxd5 Qxb6 30. Ba3 Rd8 31. Qc4 Rh1+ 32. Ke2 Rxc1 33. Be6 1-0

[Event "Early-Titled-Tuesday-Blitz-April-02-2024"]
[Site "Chess.com"]
[Date "2024.04.02"]
[Round "6"]
[White "olakenn"]
[Black "Tol_Tol"]
[Result "0-1"]
[WhiteElo "1992"]
[BlackElo "2292"]
[TimeControl "180+1"]
[EndTime "9:06:54 PDT"]
[Termination "Tol_Tol won by resignation"]

1. e4 c5 2. Nc3 Nc6 3. g3 g6 4. Bg2 Bg7 5. d3 d6 6. Be3 f5 7. Qd2 Nd4 8. Nd1 e5 9. c3 Ne6 10. f4 exf4 11. gxf4 Qh4+ 12. Nf2 Bh6 13. Nf3 Qh5 14.
exf5 gxf5 15. Ng5 Nf6 16. Nxe6 Bxe6 17. Bxb7 Rb8 18. Bc6+ Ke7 19. Qe2 Qxe2+ 20. Kxe2 Rxb2+ 21. Kf3 Nd5 22. Rhb1 Rb6 23. Rxb6 axb6 24. c4 Nb4 25. Bb5 d5 26. a3 Nc2 27. Ra2 Nxe3 28. Kxe3 Rg8 29.
Bc6 dxc4 30. dxc4 Kd6 31. Bf3 Bxc4 32. Rb2 Kc7 33. Nd3 Bxd3 34. Kxd3 Bxf4 35. Re2 Rd8+ 36. Kc3 Rd7 37. Re6 Bd6 38. Rh6 b5 39. Rf6 Be5+ 0-1